 Dungeon Crawl Stone Soup version 0.28.0-43-g3370ac3207 (webtiles) character file.

Game seed: 14953618410172861764

1031 MisterFreud the Transmogrifier (level 8, -2/54 HPs)
             Began as a Merfolk Transmuter on Mar 3, 2022.
             Was a Believer of Sif Muna.
             Slain by a boulder beetle (18 damage)
             ... on level 5 of the Dungeon.
             The game lasted 00:10:05 (6632 turns).

MisterFreud the Transmogrifier (Merfolk Transmuter) Turns: 6632, Time: 00:10:05

Health: -2/54      AC:  3    Str: 10    XL:     8   Next: 23%
Magic:  11/11      EV: 16    Int: 14    God:    Sif Muna [**....]
Gold:   290        SH:  0    Dex: 15    Spells: 5/11 levels left

rFire   . . .      SeeInvis .     - Unarmed
rCold   . . .      Faith    .   (no shield)
rNeg    . . .      Spirit   .   a - +0 robe
rPois   .          Reflect  .   (no helmet)
rElec   .          Harm     .   d - +0 cloak
rCorr   .          Rampage  .   (no gloves)
Will    .....                   (no boots)
Stlth   +.........              (no amulet)
HPRegen 0.18/turn               (no ring)
MPRegen 0.12/turn               (no ring)

@: no status effects
A: (nimble swimmer 2), mertail
a: Renounce Religion, Channel Magic


You were on level 5 of the Dungeon.
You worshipped Sif Muna.
Sif Muna was pleased with you.
You visited 1 branch of the dungeon, and saw 6 of its levels.

You collected 290 gold pieces.

Inventory:

Hand Weapons
 k - a +1 whip of venom
Missiles
 h - 9 poisoned darts
Armour
 a - a +0 robe (worn)
 d - a +0 cloak (worn)
 g - a +0 kite shield
Scrolls
 b - 3 scrolls of vulnerability
 f - 2 scrolls of enchant weapon
 j - a scroll of immolation
 l - a scroll of amnesia {unknown}
 m - a scroll of blinking {unknown}
 o - a scroll of enchant armour {unknown}
Potions
 c - a potion of berserk rage
 e - a potion of might
 i - a potion of flight
 n - a potion of heal wounds


   Skills:
 - Level 1.1 Fighting
 + Level 8.0 Dodging
 - Level 5.0 Unarmed Combat
 - Level 2.0 Spellcasting
 - Level 8.0 Transmutations
 - Level 3.0 Poison Magic


You had 5 spell levels left.
You knew the following spells:

 Your Spells              Type           Power      Damage    Failure   Level
a - Beastly Appendage     Tmut           46%        N/A       1%          1
b - Wereblood             Tmut           23%        N/A       1%          2
c - Spider Form           Tmut/Pois      16%        N/A       8%          3

Your spell library contained the following spells:

 Spells                   Type           Power      Damage    Failure   Level
 Ignite Poison            Fire/Tmut/Pois 11%        N/A       16%         3
 Ice Form                 Ice/Tmut       12%        N/A       41%         4
 Conjure Flame            Conj/Fire      1%         6-21      56%         3
 Sticky Flame             Conj/Fire      1%         2d3       93%         4


Dungeon Overview and Level Annotations

Branches:
Dungeon (6/15)             Temple (0/1) D:5

Altars:
Makhleb
Okawaru
Qazlal
Sif Muna
Uskayaw
Beogh


Innate Abilities, Weirdness & Mutations

((You are very nimble when in or above water. (Stealth+, EV+, Speed+++)))
Your lower body shifts to a powerful aquatic tail in water.


Message History

You feel sick.
The boulder beetle curls into a ball and begins rolling!
There is a stone staircase leading down here.
You feel sick.
You climb downwards.
You feel sick. The bullfrog zombie hits you.
The orc wizard points at you and mumbles some strange words.
The magic dart hits you. The bullfrog zombie barely misses you.
The orc completely misses you.
There is a stone staircase leading up, spattered with blood here.
You feel sick.
The orc shouts!
The bullfrog zombie hits you.
The orc priest calls down the wrath of Beogh upon you.
Beogh smites you!
* * * LOW HITPOINT WARNING * * *
The orc misses you.
You climb upwards.
You feel sick.
You are no longer poisoned.
The boulder beetle closely misses you.
The boulder beetle stops rolling and uncurls.
There is a stone staircase leading down here.
You can't go up here!
The orc closely misses you.
The boulder beetle curls into a ball and begins rolling!
The boulder beetle stops rolling and uncurls.
The boulder beetle curls into a ball and begins rolling!
The boulder beetle stops rolling and uncurls.
The boulder beetle curls into a ball and begins rolling!
The boulder beetle curls into a ball and begins rolling!
The boulder beetle leaps!
The boulder beetle waves its antennae.
The boulder beetle curls into a ball and begins rolling!
Found a scroll of enchant weapon.
The boulder beetle stops rolling and uncurls.
A water moccasin skeleton comes into view.
The boulder beetle curls into a ball and begins rolling!
A killer bee comes into view.
The orc completely misses you. The boulder beetle hits you!!
You die...

.###
.....##(##.##########.
.# ... ..####.# #. # #
#.# #†# #. # #.# #.#
## # #.# ######### #
#.# ##..≈#.≈≈## # #
#.## .≈.≈≈≈P.≈ # #
#.B############### #
#@o°°.......°°○○..
#.################ #Z#
≈≈.≈≈.≈≈. #?#
##≈≈≈#...## #..
######### ##.. ..# ..#
..#


You could see a boulder beetle (rolling), an orc and a water moccasin skeleton.

Vanquished Creatures
  A water moccasin (D:5)
  A black bear (D:5)
  A necrophage (D:5)
  An ogre (D:5)
  A centaur (D:5)
  2 phantoms (D:4)
  A bullfrog (D:5)
  A bullfrog zombie (D:5)
  A centaur zombie (D:5)
  2 hounds (D:4)
  A scorpion zombie (D:5)
  2 iguanas
  A hound skeleton (D:2)
  4 gnolls (D:3)
  An adder (D:5)
  A shadow imp (D:5)
  An ufetubus (D:5)
  A worm (D:4)
  2 dart slugs
  2 ball pythons (D:1)
  4 bats
  8 endoplasms
  9 giant cockroaches
  10 hobgoblins
  5 jackals
  8 kobolds
  5 quokkas
  2 frilled lizards (D:3)
  5 goblins
  6 rats
90 creatures vanquished.

Vanquished Creatures (others)
  6 fungi (D:5)
6 creatures vanquished.

Grand Total: 96 creatures vanquished

Notes
Turn   | Place    | Note
-------+----------+-------------------------------------------
     0 | D:1      | MisterFreud the Merfolk Transmuter began the quest for the
                  | Orb.
     0 | D:1      | Reached XP level 1. HP: 15/15 MP: 3/3
   595 | D:1      | Reached XP level 2. HP: 17/21 MP: 3/5
  1002 | D:1      | Learned a level 2 spell: Wereblood
  1126 | D:1      | Reached XP level 3. HP: 16/26 MP: 3/6
  1391 | D:1      | Found a faded altar of an unknown god.
  1577 | D:1      | Prayed at the altar of an unknown god.
  1577 | D:1      | Became a worshipper of Sif Muna the Loreminder
  1577 | D:1      | Reached * piety under Sif Muna
  1835 | D:2      | Reached skill level 5 in Transmutations
  2044 | D:2      | Learned a level 3 spell: Spider Form
  2460 | D:2      | Reached XP level 4. HP: 22/32 MP: 5/7
  2638 | D:2      | You fall into a shaft and drop 2 floors!
  2647 | D:4      | Noticed a phantom
  2648 | D:4      | Noticed an ogre
  2675 | D:4      | Noticed a phantom
  2740 | D:3      | Reached skill level 1 in Poison Magic
  3034 | D:3      | Reached ** piety under Sif Muna
  3163 | D:3      | Reached XP level 5. HP: 37/37 MP: 2/8
  3221 | D:3      | Found a stormy altar of Qazlal.
  3371 | D:3      | Found an iron altar of Okawaru.
  4522 | D:4      | Killed a phantom
  4523 | D:4      | Reached XP level 6. HP: 13/43 MP: 7/9
  5514 | D:5      | Entered Level 5 of the Dungeon
  5559 | D:5      | Noticed a +0 spear
  5559 | D:5      | Noticed a +0 dagger
  5560 | D:5      | Noticed a +0 falchion
  5560 | D:5      | Noticed a +0 spear
  5563 | D:5      | Noticed a +0 dagger
  5564 | D:5      | Noticed a +0 falchion
  5564 | D:5      | Noticed a +0 short sword
  5565 | D:5      | Noticed a +0 short sword
  5576 | D:5      | Found a hide-covered altar of Uskayaw.
  5604 | D:5      | Reached skill level 5 in Unarmed Combat
  5696 | D:5      | Found a burning altar of Makhleb.
  5772 | D:5      | Noticed a black bear
  5787 | D:5      | Reached skill level 5 in Dodging
  5787 | D:5      | Reached XP level 7. HP: 48/48 MP: 4/10
  6067 | D:5      | Found a staircase to the Ecumenical Temple.
  6307 | D:5      | Reached XP level 8. HP: 50/54 MP: 7/11
  6566 | D:6      | Noticed a boulder beetle
  6632 | D:5      | Slain by a boulder beetle

Illustrated notes

Levels and vault maps discovered:
D:1:      dpeg_arrival_arbitrary_c, layout_basic,
          hellmonk_ecumenical_altar_defaced_shrine
D:2:      layout_basic
D:3:      layout_basic, nicolae_qazlal_general_emergency,
          okawaru_metal_pillars_1_2
D:4:      cheibrodos_helix_gallery, layout_basic
D:5:      layout_loops_ring, mainiacjoe_overflow_tiny_flanked,
          nicolae_uskayaw_en_pointe, minmay_temple_entry_mist, serial_aquarium,
          aquarium_bridge_square [aquarium_subvault_wall,
          aquarium_subvault_bridge, aquarium_subvault_wall,
          aquarium_subvault_wall], aquarium_window_fake,
          aquarium_window_corridor_1, aquarium_view_2d, aquarium_view_2f,
          aquarium_pool_side, st_stairs_7, grunt_ministairs_15,
          chequers_arboretum
D:6:      layout_loops_cross, nicolae_yredelemnul_corpse_copse, serial_shops,
          nicolae_shop_trees, uniq_pikel

Skill      XL: |  1  2  3  4  5  6  7  8 |
---------------+-------------------------+-----
Transmutations | 3 4 5 6 7 8 |  8.0
Dodging        | 3 4 5 7 8 |  8.0
Poison Magic   | 2 3 |  3.0
Unarmed Combat | 4 5 |  5.0
Fighting       | |  1.1
Spellcasting   | |  2.0

Action                   |  1- 3 |  4- 6 |  7- 9 || total
-------------------------+-------+-------+-------++-------
Melee: Unarmed           |   143 |   168 |    76 ||   387
       Headbutt          |     7 |       |       ||     7
       Punch             |     3 |     2 |       ||     5
Throw: Dart              |       |     2 |       ||     2
 Cast: Beastly Appendage |    17 |       |     1 ||    18
       Wereblood         |     2 |     9 |     2 ||    13
       Spider Form       |       |    11 |     7 ||    18
  Use: Scroll            |       |     6 |     3 ||     9
       Potion            |       |       |     2 ||     2
 Stab: Sleeping          |     1 |       |     1 ||     2
Armor: Robe              |    38 |    24 |     5 ||    67
       Skin              |       |     5 |     5 ||    10
Dodge: Dodged            |    94 |   115 |   104 ||   313
